 Dungeon Crawl Stone Soup version 0.29-a0-668-g12ee2bf84d (webtiles) character file.

Game seed: 1702068909292994752

22 Shayle the Sneak (level 2, -1/25 HPs)
             Began as a Hill Orc Wanderer on June 23, 2022.
             Slain by a kobold
             ... wielding a +0 whip
              (3 damage)
             ... on level 2 of the Dungeon.
             The game lasted 00:03:07 (1340 turns).

Shayle the Sneak (Hill Orc Wanderer)                Turns: 1340, Time: 00:03:07

Health: -1/25      AC:  5    Str: 12    XL:     2   Next: 91%
Magic:  2/2        EV: 10    Int: 11    God:
Gold:   36         SH:  0    Dex: 13    Spells: 1/1 levels left

rFire   . . .      SeeInvis .   g - +0 flail
rCold   . . .      Faith    .   (no shield)
rNeg    . . .      Spirit   .   e - +0 ring mail
rPois   .          Reflect  .   (no helmet)
rElec   .          Harm     .   (no cloak)
rCorr   .          Rampage  .   (no gloves)
Will    .....                   (no boots)
Stlth   ++........              (no amulet)
HPRegen 0.08/turn               (no ring)
MPRegen 0.08/turn               (no ring)

@: no status effects
A: no striking features
a: no special abilities


You were on level 2 of the Dungeon.
You visited 1 branch of the dungeon, and saw 2 of its levels.

You collected 36 gold pieces.

Inventory:

Hand Weapons
 a - a +0 dagger
 d - a +0 short sword
 g - a +0 flail (weapon)
Missiles
 b - an atropa-tipped dart (quivered)
 c - a datura-tipped dart
Armour
 e - a +0 ring mail (worn)
Jewellery
 l - an amulet of regeneration
Scrolls
 f - a scroll of teleportation
 j - a scroll of fear {unknown}
 k - a scroll of noise {unknown}
Potions
 h - a potion of invisibility {unknown}
 i - a potion of attraction {unknown}


   Skills:
 + Level 2.5 Fighting
 - Level 3.0 Short Blades
 - Level 1.1 Armour
 - Level 4.1 Stealth
 + Level 1.7 Unarmed Combat


You had one spell level left.
You didn't know any spells.
Your spell library was empty.

Dungeon Overview and Level Annotations

Branches:
Dungeon (2/15)

Altars:


Message History

You now have 36 gold pieces (gained 4).
You see here a +0 whip.
You see here a +0 short sword.
There is a stone staircase leading down here.
Done exploring.
Done exploring.
(D) Dungeon
Where to? (? - help)
There is a stone staircase leading down here.
You climb downwards.
Found a stone staircase leading down.
There is a stone staircase leading up here.
You open the door.
A kobold comes into view. It is wielding a +0 whip.
The kobold shouts!
You hit the kobold.
The kobold is severely wounded.
The kobold hits you with a +0 whip.
You closely miss the kobold.
The kobold is severely wounded.
The kobold hits you with a +0 whip.
You barely miss the kobold.
The kobold is heavily wounded.
The kobold hits you with a +0 whip. The kobold hits you but does no damage.
You closely miss the kobold.
The kobold is heavily wounded.
The kobold hits you with a +0 whip.
You closely miss the kobold.
The kobold is heavily wounded.
The kobold hits you with a +0 whip. x2
* * * LOW HITPOINT WARNING * * *
You closely miss the kobold.
The kobold is heavily wounded.
The kobold hits you with a +0 whip.
* * * LOW HITPOINT WARNING * * *
Okay, then.
You hit the kobold but do no damage.
The kobold is heavily wounded.
The kobold hits you with a +0 whip.
You die...

.. . ## .##
... ..# ....
#.# .....
#.#
......#.#
......K@#
......#....#
####. .....#
# ###..##
#>. .## ..
###


You could see a kobold.

Vanquished Creatures
  A dart slug (D:1)
  2 bats (D:1)
  An endoplasm (D:1)
  2 giant cockroaches (D:1)
  4 goblins (D:1)
  2 kobolds (D:1)
  2 quokkas (D:1)
  2 frilled lizards (D:1)
  A rat (D:1)
17 creatures vanquished.

Notes
Turn   | Place    | Note
-------+----------+-------------------------------------------
     0 | D:1      | Shayle the Hill Orc Wanderer began the quest for the Orb.
     0 | D:1      | Shayle set off with the following items: a +0 dagger, an
                  | atropa-tipped dart, a datura-tipped dart, a +0 short sword,
                  | a +0 ring mail, a scroll of teleportation.
     0 | D:1      | Reached XP level 1. HP: 16/16 MP: 1/1
   642 | D:1      | Reached skill level 1 in Unarmed Combat
   648 | D:1      | Reached XP level 2. HP: 24/24 MP: 2/2
  1340 | D:2      | Slain by a kobold

Illustrated notes

Levels and vault maps discovered:
D:1:      lemuel_arrival_muddy, layout_rooms
D:2:      layout_basic

Skill      XL: |  1 |
---------------+----+-----
Unarmed Combat | 1 |  1.7
Fighting       | 2 |  2.5
Short Blades   | |  3.0
Armour         | |  1.1
Stealth        | |  4.1

Action                   || total
-------------------------++-------
Melee: Dagger            ||    33
       Flail             ||    57
       Punch             ||     1
Throw: Dart              ||     1
 Stab: Sleeping          ||     2
Armor: Ring mail         ||    35
Dodge: Dodged            ||    38

Table legend: (Time is in decaauts)
 A = Elapsed time spent in this place.
 B = Non-inter-level travel time spent in this place.
 C = Inter-level travel time spent in this place.
 D = Time resting spent in this place.
 E = Time spent auto-exploring this place.
 F = Levels seen in this place.
 G = Mean time per level.
                   A        B        C        D        E       F      G
               +--------+--------+--------+--------+--------+-----+--------+
         Total |   1359 |   1340 |     19 |    454 |    564 |   2 |  679.5 |
       Dungeon |   1359 |   1340 |     19 |    454 |    564 |   2 |  679.5 |
               +--------+--------+--------+--------+--------+-----+--------+

Top non-repeatable levels by time:
     D:1: 1342 daAuts
     D:2: 17 daAuts
